 Dungeon Crawl Stone Soup version 0.25.1-2-g60ff931df9 (webtiles) character file.

Game seed: 7339564025926490122

374 Curus the Spear-Bearer (level 6, -4/66 HPs)
             Began as a Merfolk Gladiator on Oct 5, 2020.
             Was a Follower of Trog.
             Slain by a river rat (5 damage)
             ... in a sewer.
             The game lasted 00:14:07 (3852 turns).

Curus the Spear-Bearer (Merfolk Gladiator)          Turns: 3852, Time: 00:14:07

Health: -4/66      AC:  5    Str: 14    XL:     6   Next: 72%
Magic:  0/6        EV: 14    Int:  8    God:    Trog [*.....]
Gold:   126        SH:  0    Dex: 17    Spells: 5/5 levels left

rFire    . . .     SeeInvis .   a - +1 trident
rCold    . . .     Gourm    .   (no shield)
rNeg     . . .     Faith    .   b - +0 leather armour
rPois    .         Spirit   +   c - +1 helmet
rElec    .         Reflect  .   (no cloak)
rCorr    .         Harm     .   (no gloves)
MR       .....                  (no boots)
Stlth    ..........             e - amulet of guardian spirit
HPRegen  0.21/turn              (no ring)
MPRegen  0.10/turn              (no ring)

@: berserking, very quick
A: change form in water, swift swim, stealthy swim
a: Berserk, Renounce Religion


You were in a sewer.
You worshipped Trog.
Trog was aware of your devotion.
You were very hungry.

You visited 1 branch of the dungeon, and saw 4 of its levels.
You also visited: Sewer.

You collected 126 gold pieces.

Inventory:

Hand Weapons
 a - a +1 trident (weapon)
Missiles
 d - 5 throwing nets (quivered)
Armour
 b - a +0 leather armour (worn)
 c - a +1 helmet (worn)
Jewellery
 e - an amulet of guardian spirit (around neck)
Wands
 h - a wand of iceblast (6)
 i - a wand of flame (22)
Scrolls
 g - 5 scrolls of identify
Potions
 j - 2 potions of flight
 l - 2 potions of heal wounds
Comestibles
 f - 8 rations
 k - 3 chunks of flesh


   Skills:
 - Level 2.1 Fighting
 + Level 10.4 Polearms
 - Level 2.0 Throwing
 - Level 4.0 Dodging


You had 5 spell levels left.
You didn't know any spells.
Your spell library was empty.

Dungeon Overview and Level Annotations

Branches:
Dungeon (4/15)             Temple (0/1) D:4           Sewer (1/1)

Altars:
Dithmenos
Ru
Trog


Message History

You puncture the river rat!
You kill the river rat!
Trog accepts your kill.
You closely miss the river rat. The river rat bites you.
* * * LOW HITPOINT WARNING * * *
The river rat bites you!
* * * LOW HITPOINT WARNING * * *
You hit the river rat.
The river rat is lightly wounded.
You puncture the river rat!
The river rat is almost dead.
The river rat bites you.
* * * LOW HITPOINT WARNING * * *
You hit the river rat.
The river rat is severely wounded.
You hit the river rat.
You kill the river rat!
Trog accepts your kill. The river rat bites you.
You die...

....≈≈≈≈≈≈≈#....#
†....≈≈≈≈≈≈##..##
÷....≈≈≈≈≈≈##..#
.÷...≈≈≈≈≈##...#
#....≈≈≈≈≈#...÷##
#....≈≈≈≈≈....†.##
##...≈≈≈≈≈.......#
##...≈≈≈≈≈....#..#
#....≈≈≈≈≈..###r@#
.....≈≈≈≈≈.. ##†r#
.....≈≈≈≈...


#rrr# ......≈≈≈......†## .......≈≈.......# .......≈≈......## .......≈≈......
.......≈≈...... #......≈≈...... You could see 2 river rats and 3 rats.

Vanquished Creatures
  A big kobold (Sewer)
  An orc priest (D:3)
  Jessica (D:2)
  2 gnolls (D:3)
  6 adders
  6 river rats
  2 oozes
  2 worms (D:3)
  4 dart slugs (D:1)
  4 leopard geckos
  8 orcs
  5 giant cockroaches
  9 goblins
  12 hobgoblins
  12 kobolds
  6 ball pythons
  5 bats
  4 frilled lizards
  15 rats
105 creatures vanquished.

Notes
Turn   | Place    | Note
-------+----------+-------------------------------------------
     0 | D:1      | Curus the Merfolk Gladiator began the quest for the Orb.
     0 | D:1      | Reached XP level 1. HP: 16/16 MP: 1/1
   174 | D:1      | Reached skill level 5 in Polearms
   200 | D:1      | Reached XP level 2. HP: 22/22 MP: 2/2
   722 | D:1      | Reached skill level 6 in Polearms
   722 | D:1      | Reached XP level 3. HP: 25/27 MP: 3/3
   940 | D:2      | Found a shadowy altar of Dithmenos.
  1266 | D:2      | Noticed an ice beast
  1277 | D:2      | HP: 1/27 [ice beast (7)]
  1627 | D:2      | Reached skill level 7 in Polearms
  1627 | D:2      | Reached XP level 4. HP: 30/33 MP: 2/4
  1803 | D:2      | Noticed Jessica
  1835 | D:2      | Killed Jessica
  2191 | D:3      | Reached skill level 8 in Polearms
  2238 | D:3      | Reached XP level 5. HP: 30/38 MP: 5/5
  2239 | D:3      | Found a sacrificial altar of Ru.
  2239 | D:3      | Found a bloodstained altar of Trog.
  2241 | D:3      | Became a worshipper of Trog the Wrathful
  2535 | D:3      | Noticed an orc warrior
  2848 | D:3      | Reached skill level 9 in Polearms
  3154 | D:3      | Reached XP level 6. HP: 44/44 MP: 6/6
  3306 | D:4      | Found a staircase to the Ecumenical Temple.
  3354 | D:4      | Found a glowing drain.
  3386 | Sewer    | Entered a sewer
  3575 | Sewer    | Reached * piety under Trog
  3619 | Sewer    | Reached skill level 10 in Polearms
  3848 | Sewer    | HP: 3/66 [river rat (7)]
  3850 | Sewer    | HP: 1/66 [river rat (2)]
  3852 | Sewer    | Slain by a river rat

Illustrated notes

Levels and vault maps discovered:
D:1:      kennysheep_arrival_seaside, layout_loops_corners
D:2:      layout_loops_ring, grunt_dithmenos_smoke, uniq_jessica
D:3:      layout_loops_ring, gammafunk_temple_overflow_wave, first_ration,
          minmay_circle_x
D:4:      layout_gridville, minmay_temple_entry_sparse_star,
          portal_sewer_entry_b
Sewer:    sewer_minmay_treatment

Skill      XL: |  1  2  3  4  5  6 |
---------------+-------------------+-----
Polearms       | 5 6 7 8 9 10 | 10.4
Fighting       | |  2.1
Throwing       | |  2.0
Dodging        | |  4.0

Action                   |  1- 3 |  4- 6 || total
-------------------------+-------+-------++-------
Melee: Trident           |   102 |   289 ||   391
Invok: Berserk           |       |     1 ||     1
  Use: Potion            |     3 |     4 ||     7
       Scroll            |     1 |     4 ||     5
 Stab: Sleeping          |     3 |       ||     3
  Eat: Chunk             |     2 |     7 ||     9
Armor: Leather armour    |    10 |    45 ||    55
Dodge: Dodged            |    36 |   189 ||   225
